 Dungeon Crawl Stone Soup version 0.29.1-1-gd02db6906a (webtiles) character file.

Game seed: 933972894393652536

658 Godmorgon the Zephyrmancer (level 7, -13/36 HPs)
             Began as a Tengu Air Elementalist on Oct 17, 2022.
             Mangled by an ogre
             ... wielding a +0 giant club
              (31 damage)
             ... on level 4 of the Dungeon.
             The game lasted 00:15:10 (4170 turns).

Godmorgon the Zephyrmancer (Tengu Air Elementalist) Turns: 4170, Time: 00:15:11

Health: -13/36     AC:  8    Str:  8    XL:     7   Next: 55%
Magic:  10/14      EV: 14    Int: 17    God:
Gold:   156        SH:  0    Dex: 15    Spells: 11/14 levels left

rFire   + . .      SeeInvis .   a - +1 dagger (elec)
rCold   . . .      Faith    .   (no shield)
rNeg    . . .      Spirit   .   m - +0 robe
rPois   .          Reflect  .   (helmet restricted)
rElec   .          Harm     .   l - +2 cloak
rCorr   .          Rampage  .   c - +2 pair of gloves
Will    .....                   (boots unavailable)
Stlth   ++........              (no amulet)
HPRegen 0.12/turn               v - ring of protection from fire
MPRegen 0.14/turn               (no ring)

@: flying quickly and evasively, quick
A: beak, talons 3, nimble flight
a: no special abilities


You were on level 4 of the Dungeon.
You visited 1 branch of the dungeon, and saw 4 of its levels.

You collected 156 gold pieces.

Inventory:

Hand Weapons
 a - a +1 dagger of electrocution (weapon)
 q - a +3 short sword
Missiles
 d - 10 poisoned darts (quivered)
Armour
 c - a +2 pair of gloves (worn)
 l - a +2 cloak (worn)
 m - a +0 robe (worn)
Jewellery
 v - a ring of protection from fire (left hand)
Scrolls
 e - a scroll of vulnerability {unknown}
 i - a scroll of poison {unknown}
 j - a scroll of blinking {unknown}
 n - a scroll of butterflies {unknown}
 p - 3 scrolls of fear
 s - a scroll of identify
 t - 3 scrolls of noise {unknown}
Potions
 b - 2 potions of magic
 f - a potion of degeneration {unknown}
 g - 2 potions of attraction {unknown}
 h - 2 potions of mutation {unknown}
 k - 2 potions of curing
 o - 2 potions of brilliance {unknown}
 r - a potion of cancellation {unknown}
 u - a potion of lignification {unknown}


   Skills:
 - Level 2.1 Dodging
 - Level 2.0 Stealth
 + Level 4.1 Spellcasting
 + Level 5.2 Conjurations
 * Level 8.4 Air Magic


You had 11 spell levels left.
You knew the following spells:

 Your Spells              Type           Power      Damage    Failure   Level
d - Static Discharge      Conj/Air       26%        3-7/arc   1%          2
s - Shock                 Conj/Air       100%       1d9       1%          1

Your spell library contained the following spells:

 Spells                   Type           Power      Damage    Failure   Level
 Swiftness                Air            32%        N/A       1%          3
 Airstrike                Air            16%        2d(3-19)  4%          4
 Gell's Gravitas          Tloc           3%         N/A       43%         3
 Teleport Other           Tloc           3%         N/A       43%         3
 Dispersal                Tloc           1%         N/A       100%        6


Dungeon Overview and Level Annotations

Branches:
Dungeon (4/15)
 Temple: D:4-7

Altars:
Uskayaw
Zin

Shops:
D:2 (

Annotations:
D:3 1 runed translucent door, NickelLess's ghost, amateur HOFi


Innate Abilities, Weirdness & Mutations

You have a beak for a mouth.
You have claws for feet.
Your magical nature lets you fly swiftly and evasively.


Message History

The quokka is almost dead.
The quokka bites you.
You hit the quokka. Lightning courses through the quokka!
You kill the quokka!
Found a hide-covered altar of Uskayaw.
Press: ? - help, v - describe, . - travel A hide-covered altar of Uskayaw.
Unknown command.
Found a dagger.
You see here a +0 dagger.
Throw: 12 darts (poison)
Press: ? - help, Q - select action, (/) - cycle Shift-Dir - straight line, f - ogre
Aim: an ogre, wielding a +0 giant club (73% to hit)
You throw a poisoned dart. The poisoned dart hits the ogre.
The ogre is poisoned.
Throw: 11 darts (poison)
Press: ? - help, Q - select action, (/) - cycle Shift-Dir - straight line, f/p - ogre
Aim: an ogre, wielding a +0 giant club (lightly wounded, poisoned, 73% to hit)
You throw a poisoned dart. The poisoned dart hits the ogre.
The ogre is lightly wounded.
Casting: Static Discharge (safe; 1% risk of failure)
Confirm with . or Enter, or press ? or * to list all spells.
The ogre is struck by an arc of lightning.
The ogre is moderately wounded.
You are struck by an arc of lightning.
The lightning grounds out.
The ogre hits you with a +0 giant club!
Casting: Static Discharge (safe; 1% risk of failure)
Confirm with . or Enter, or press ? or * to list all spells.
The ogre is struck by an arc of lightning!
The ogre is severely wounded.
You are struck by an arc of lightning.
The ogre is struck by an arc of lightning.
The ogre is severely wounded.
You are struck by an arc of lightning.
The ogre is struck by an arc of lightning.
The ogre is almost dead.
The lightning grounds out.
The ogre hits you with a +0 giant club!!
Ouch! That really hurt!
You die...

##.......'.P._.# ..
#.......'.....## .# #
#.......#.PP..## .#
#######.......#.....#####.#
..............#######.....#
##.####........##.#.#.O#..###
[...[...##..........#..#O.#.#
.#.#..#.##.......O###..#...#
..z.....##..####@#)((#.#..#.#
.#.#>.###...####.#####.#.####
.... .# #.#...##.# #..##
##.## ###...#.##.#####...##
..........<.........#
......#.####..##...#.# .####
#.......<........
..#####.#######... ##.# #.#
.....


You could see an ogre (poisoned).

Vanquished Creatures
  A black bear (D:4)
  2 phantoms (D:4)
  3 wights
  A howler monkey (D:4)
  A bullfrog zombie (D:4)
  A bullfrog skeleton (D:4)
  A hound (D:4)
  An orc wizard (D:4)
  A hound skeleton (D:4)
  4 adders
  An adder zombie (D:4)
  A worm (D:3)
  A dart slug (D:4)
  6 orcs
  4 ball pythons
  2 bats (D:3)
  8 endoplasms
  A giant cockroach (D:1)
  3 goblins
  4 hobgoblins
  5 kobolds
  2 quokkas (D:4)
  3 frilled lizards
  3 rats (D:1)
60 creatures vanquished.

Vanquished Creatures (others)
  2 fungi (D:4)
  4 withered plants (D:4)
6 creatures vanquished.

Grand Total: 66 creatures vanquished

Notes
Turn   | Place    | Note
-------+----------+-------------------------------------------
     0 | D:1      | Godmorgon the Tengu Air Elementalist began the quest for
                  | the Orb.
     0 | D:1      | Reached XP level 1. HP: 10/10 MP: 4/4
   290 | D:1      | Reached XP level 2. HP: 15/15 MP: 1/6
   293 | D:1      | Learned a level 2 spell: Static Discharge
   908 | D:1      | Found a faded altar of an unknown god.
  1175 | D:2      | Reached XP level 3. HP: 5/19 MP: 0/7
  1490 | D:2      | Reached skill level 5 in Air Magic
  1821 | D:2      | Found Nethaonn's Weapon Boutique.
  1918 | D:2      | Found a glowing silver altar of Zin.
  1921 | D:2      | You fall into a shaft and drop 2 floors!
  1943 | D:4      | Reached XP level 4. HP: 17/24 MP: 0/9
  1955 | D:4      | Reached skill level 6 in Air Magic
  1955 | D:4      | Gained mutation: Your magical nature lets you fly swiftly
                  | and evasively. [Tengu growth]
  1955 | D:4      | Reached XP level 5. HP: 21/28 MP: 1/10
  1991 | D:4      | Noticed a phantom
  2010 | D:4      | Killed a phantom
  2011 | D:4      | Reached XP level 6. HP: 8/32 MP: 0/11
  2277 | D:4      | Noticed a black bear
  2281 | D:4      | Killed a black bear
  2282 | D:4      | Reached skill level 7 in Air Magic
  2453 | D:4      | Reached XP level 7. HP: 25/36 MP: 6/13
  2816 | D:3      | Found a runed translucent door.
  2873 | D:3      | Noticed NickelLess's ghost (amateur HOFi)
  3766 | D:3      | Reached skill level 5 in Conjurations
  3766 | D:3      | Reached skill level 8 in Air Magic
  4159 | D:4      | Found a hide-covered altar of Uskayaw.
  4170 | D:4      | Mangled by an ogre

Illustrated notes

Levels and vault maps discovered:
D:1:      dpeg_arrival_water_temple_mockup, layout_basic,
          chequers_ecumenical_altar_island
D:2:      layout_basic, basic_altar, serial_shops, nicolae_shop_stone
D:3:      layout_basic, ebering_ghost_sewer_d
D:4:      layout_loops_ring, mainiacjoe_overflow_alcove_4, minitemple,
          gammafunk_ghost_mausoleum, serial_undead, serial_undead_f,
          serial_undead_f, serial_undead_b, serial_undead_c

Skill      XL: |  1  2  3  4  5  6  7 |
---------------+----------------------+-----
Conjurations   | 2 3 4 5 |  5.2
Air Magic      | 5 6 7 8 |  8.4
Spellcasting   | 3 4 |  4.1
Dodging        | |  2.1
Stealth        | |  2.0

Action                   |  1- 3 |  4- 6 |  7- 9 || total
-------------------------+-------+-------+-------++-------
Melee: Dagger            |     2 |    25 |    14 ||    41
       Peck              |       |     6 |     4 ||    10
       Kick              |       |     6 |     4 ||    10
Throw: Dart              |       |       |     2 ||     2
 Cast: Shock             |    45 |       |    30 ||    75
       Static Discharge  |    10 |    11 |    13 ||    34
  Use: Scroll            |       |     2 |       ||     2
       Potion            |       |     1 |       ||     1
Armor: Robe              |     2 |    17 |     5 ||    24
Dodge: Dodged            |     4 |    32 |    15 ||    51
